 Dungeon Crawl Stone Soup version 0.24-b1 (webtiles) character file.

Game seed: 15234109116152462482, levelgen mode: deterministic

71 Amen the Magician (level 4, -4/32 HPs)
             Began as a Gnoll Wizard on Oct 13, 2019.
             Slain by a worker ant (5 damage)
             ... on level 2 of the Dungeon.
             The game lasted 00:01:43 (1289 turns).

Amen the Magician (Gnoll Wizard)                    Turns: 1289, Time: 00:01:44

Health: -4/32      AC:  2    Str: 10    XL:     4   Next: 24%
Magic:  5/13       EV: 14    Int: 21    God:
Gold:   80         SH:  0    Dex: 13    Spells: 6/17 levels left

rFire    . . .     SeeInvis .   g - +0 hand axe (curse)
rCold    . . .     Gourm    .   (no shield)
rNeg     . . .     Faith    .   a - +0 robe
rPois    .         Spirit   .   b - +0 hat
rElec    .         Reflect  .   (no cloak)
rCorr    .         Harm     .   (no gloves)
MR       .....                  (no boots)
Stlth    +++.......             (no amulet)
HPRegen  0.10/turn              (no ring)
MPRegen  0.13/turn              (no ring)

@: no status effects
A: distributed training, fangs 1, strong nose
a: no special abilities


You were on level 2 of the Dungeon.
You were not hungry.

You visited 1 branch of the dungeon, and saw 2 of its levels.

You collected 80 gold pieces.

Inventory:

Hand Weapons
 g - a cursed +0 hand axe (weapon)
Armour
 a - a +0 robe (worn)
 b - a +0 hat (worn)
Scrolls
 e - 3 scrolls of teleportation {unknown}
 j - a scroll of enchant armour {unknown}
 l - a scroll of remove curse {unknown}
 m - 2 scrolls of enchant weapon {unknown}
 n - a scroll of identify {unknown}
Potions
 c - a potion of agility {unknown}
 f - 2 potions of flight {unknown}
 h - 2 potions of haste {unknown}
 i - a potion of brilliance {unknown}
 k - a potion of berserk rage {unknown}
Comestibles
 d - 3 rations


   Skills:
 + Level 1.0 Fighting
 + Level 1.0 Short Blades
 + Level 1.0 Long Blades
 + Level 1.0 Axes
 + Level 1.0 Maces & Flails
 + Level 1.0 Polearms
 + Level 1.0 Staves
 + Level 1.0 Slings
 + Level 1.0 Bows
 + Level 1.0 Crossbows
 + Level 1.0 Throwing
 + Level 1.0 Armour
 + Level 4.6 Dodging
 + Level 4.2 Stealth
 + Level 1.0 Shields
 + Level 1.0 Unarmed Combat
 + Level 7.2 Spellcasting
 + Level 2.2 Conjurations
 + Level 0.8 Hexes
 + Level 0.8 Charms
 + Level 2.2 Summonings
 + Level 0.8 Necromancy
 + Level 2.2 Translocations
 + Level 0.8 Transmutations
 + Level 0.8 Fire Magic
 + Level 0.8 Ice Magic
 + Level 0.8 Air Magic
 + Level 0.8 Earth Magic
 + Level 0.8 Poison Magic
 + Level 1.1 Invocations
 + Level 1.0 Evocations


You had 6 spell levels left.
You knew the following spells:

 Your Spells              Type           Power        Failure   Level  Hunger
a - Magic Dart            Conj           ###.         3%          1    None
b - Blink                 Tloc           N/A          5%          2    None
c - Call Imp              Summ           ###.....     5%          2    None
d - Conjure Flame         Conj/Fire      ##......     14%         3    None
e - Mephitic Cloud        Conj/Pois/Air  ##......     16%         3    None

Your spell library contained the following spells:

 Spells                   Type           Power        Failure   Level  Hunger
 Slow                     Hex            ##......     10%         2    None


Dungeon Overview and Level Annotations

Branches:
Dungeon (2/15)

Altars:

Annotations:
D:2 Natasha


Innate Abilities, Weirdness & Mutations

Your experience applies equally to all skills.
You have very sharp teeth.
Your uncanny sense of smell can sniff out nearby items.


Message History

The worker ant bites you.
* * * LOW HITPOINT WARNING * * *
The gnoll hits you from afar with a +0 spear.
* * * LOW HITPOINT WARNING * * *
There are monsters nearby!
The worker ant barely misses you. The worker ant closely misses you.
There is an open door here.
You closely miss the worker ant. You bite the worker ant.
The worker ant is lightly wounded.
The worker ant bites you.
* * * LOW HITPOINT WARNING * * *
Natasha, Servant of Life and Death comes into view.
The gnoll closely misses you. The worker ant closely misses you.
Your magical contamination has completely faded away.
Natasha hisses angrily.
You hit the worker ant but do no damage.
The worker ant is lightly wounded.
The worker ant bites you.
You die...

#.#'##.#..).#
#....#+#.##.#
#........##.# ∆
#........+..#
#......g.####
#.#......#
#.#..gg..#
#.#a.....#
##+######<#@######
.......#..h....#
.......'.......#
.......#.......#
.......#.......#
...#####.......#
.. #.....).# .
#.......#
#.......#


You could see a worker ant, Natasha and 3 gnolls.

Vanquished Creatures
  Natasha (D:2)
  A gnoll (D:2)
  2 oozes (D:1)
  2 dart slugs (D:1)
  A bat (D:2)
  A giant cockroach (D:1)
  4 goblins
  4 hobgoblins (D:1)
  4 kobolds (D:1)
  A ball python (D:1)
  3 frilled lizards
  A rat (D:1)
25 creatures vanquished.

Notes
Turn   | Place    | Note
-------+----------+-------------------------------------------
     0 | D:1      | Amen the Gnoll Wizard began the quest for the Orb.
     0 | D:1      | Reached XP level 1. HP: 13/13 MP: 8/8
    76 | D:1      | Reached XP level 2. HP: 19/19 MP: 2/10
   650 | D:1      | Reached XP level 3. HP: 25/25 MP: 4/11
   654 | D:1      | Learned a level 2 spell: Blink
   657 | D:1      | Learned a level 2 spell: Call Imp
   661 | D:1      | Learned a level 3 spell: Conjure Flame
   665 | D:1      | Learned a level 3 spell: Mephitic Cloud
  1057 | D:2      | Noticed Natasha
  1065 | D:2      | Killed Natasha
  1065 | D:2      | Reached skill level 1 in Fighting
  1065 | D:2      | Reached skill level 1 in Short Blades
  1065 | D:2      | Reached skill level 1 in Long Blades
  1065 | D:2      | Reached skill level 1 in Axes
  1065 | D:2      | Reached skill level 1 in Maces & Flails
  1065 | D:2      | Reached skill level 1 in Polearms
  1065 | D:2      | Reached skill level 1 in Staves
  1065 | D:2      | Reached skill level 1 in Slings
  1065 | D:2      | Reached skill level 1 in Bows
  1065 | D:2      | Reached skill level 1 in Crossbows
  1065 | D:2      | Reached skill level 1 in Throwing
  1065 | D:2      | Reached skill level 1 in Armour
  1065 | D:2      | Reached skill level 1 in Shields
  1065 | D:2      | Reached skill level 1 in Unarmed Combat
  1065 | D:2      | Reached skill level 1 in Invocations
  1065 | D:2      | Reached skill level 1 in Evocations
  1065 | D:2      | Reached XP level 4. HP: 13/32 MP: 2/13
  1288 | D:2      | HP: 1/32 [worker ant (3)]
  1288 | D:2      | Noticed Natasha
  1289 | D:2      | Slain by a worker ant

Skill      XL: |  1  2  3 |
---------------+----------+-----
Conjurations   | 2 |  2.2
Summonings     | 2 |  2.2
Translocations | 2 |  2.2
Fighting       | 1 |  1.0
Short Blades   | 1 |  1.0
Long Blades    | 1 |  1.0
Axes           | 1 |  1.0
Maces & Flails | 1 |  1.0
Polearms       | 1 |  1.0
Staves         | 1 |  1.0
Slings         | 1 |  1.0
Bows           | 1 |  1.0
Crossbows      | 1 |  1.0
Throwing       | 1 |  1.0
Armour         | 1 |  1.0
Shields        | 1 |  1.0
Unarmed Combat | 1 |  1.0
Invocations    | 1 |  1.1
Evocations     | 1 |  1.0
Dodging        | |  4.6
Stealth        | |  4.2
Spellcasting   | |  7.2
Hexes          | |  0.8
Charms         | |  0.8
Necromancy     | |  0.8
Transmutations | |  0.8
Fire Magic     | |  0.8
Ice Magic      | |  0.8
Air Magic      | |  0.8
Earth Magic    | |  0.8
Poison Magic   | |  0.8

Action                   |  1- 3 |  4- 6 || total
-------------------------+-------+-------++-------
Melee: Unarmed           |     5 |       ||     5
       Bite              |     2 |     1 ||     3
       Hand axe          |     4 |     2 ||     6
 Cast: Magic Dart        |    52 |    13 ||    65
 Stab: Sleeping          |     1 |       ||     1
  Eat: Chunk             |       |     1 ||     1
Armor: Robe              |     1 |       ||     1
Dodge: Dodged            |     8 |     7 ||    15
